 Dungeon Crawl Stone Soup version 0.28.0-53-g5a82cb258f (webtiles) character file.

Game seed: 6796883220528812944

3685 Stomo the Dancer (level 9, -4/68 HPs)
             Began as a Demonspawn Gladiator on July 3, 2022.
             Was a Believer of Uskayaw.
             Killed by divine providence
             ... invoked by an orc priest
              (13 damage)
             ... on level 8 of the Dungeon.
             The game lasted 00:10:45 (9112 turns).

Stomo the Dancer (Demonspawn Gladiator)             Turns: 9112, Time: 00:10:46

Health: -4/68      AC: 14    Str: 20    XL:     9   Next: 90%
Magic:  18/18      EV: 13    Int: 13    God:    Uskayaw [**....]
Gold:   430        SH:  0    Dex: 14    Spells: 8/8 levels left

rFire   . . .      SeeInvis +   e - +4 flail
rCold   . . .      Faith    .   (no shield)
rNeg    . . .      Spirit   .   p - +3 ring mail
rPois   .          Reflect  .   B - +2 helmet
rElec   .          Harm     .   (no cloak)
rCorr   .          Rampage  .   k - +0 pair of gloves
Will    .....                   w - +0 pair of boots
Stlth   +.........              (no amulet)
HPRegen 0.21/turn               j - ring of wizardry
MPRegen 0.16/turn               J - ring of see invisible

@: lethally poisoned (-4 -> -10), invisible
A: claws 1, spiny 1, big brain 2
a: Renounce Religion, Stomp, Line Pass


You were on level 8 of the Dungeon.
You worshipped Uskayaw.
Uskayaw was pleased with you.
You visited 2 branches of the dungeon, and saw 9 of its levels.

You collected 430 gold pieces.

Inventory:

Hand Weapons
 a - a +0 flail
 e - a +4 flail (weapon)
 C - a +1 whip of flaming
Missiles
 d - 7 throwing nets (quivered)
Armour
 b - a +0 leather armour
 c - a +1 helmet
 g - a +0 pair of boots
 k - a +0 pair of gloves (worn)
 l - a +0 ring mail
 p - a +3 ring mail (worn)
 w - a +0 pair of boots (worn)
 y - +0 steam dragon scales
 B - a +2 helmet (worn)
Jewellery
 j - a ring of wizardry (left hand)
 J - a ring of see invisible (right hand)
Wands
 x - a wand of polymorph (5)
 z - a wand of flame (26)
 A - a wand of iceblast (7)
 E - a wand of paralysis (7)
Scrolls
 f - 5 scrolls of blinking
 i - 4 scrolls of teleportation
 n - a scroll of fear
 r - 2 scrolls of fog
 s - 4 scrolls of identify
 F - a scroll of enchant weapon
 G - a scroll of immolation {unknown}
 H - a scroll of brand weapon {unknown}
 I - a scroll of enchant armour
Potions
 h - a potion of cancellation
 m - 3 potions of might {unknown}
 q - 4 potions of heal wounds {unknown}
 t - a potion of berserk rage {unknown}
 u - a potion of degeneration {unknown}
 v - 3 potions of curing {unknown}
 D - a potion of mutation {unknown}


   Skills:
 - Level 5.5 Fighting
 - Level 5.0 Maces & Flails
 - Level 1.7 Throwing
 - Level 4.5 Armour
 - Level 5.4 Dodging
 + Level 12.9 Invocations


You had 8 spell levels left.
You didn't know any spells.
Your spell library contained the following spells:

 Spells                   Type           Power      Damage    Failure   Level
 Pain                     Necr           0%         1d4       21%         1
 Ensorcelled Hibernation  Hex/Ice        0%         N/A       28%         2
 Passwall                 Tmut/Erth      0%         N/A       28%         2
 Call Canine Familiar     Summ           0%         N/A       50%         3
 Portal Projectile        Hex/Tloc       0%         N/A       50%         3
 Spider Form              Tmut/Pois      0%         N/A       50%         3
 Swiftness                Air            0%         N/A       50%         3
 Anguish                  Hex/Necr       0%         N/A       86%         4
 Leda's Liquefaction      Hex/Erth       0%         N/A       86%         4
 Agony                    Necr           0%         N/A       99%         5
 Excruciating Wounds      Necr           0%         N/A       99%         5


Dungeon Overview and Level Annotations

Branches:
Dungeon (8/15)             Temple (1/1) D:4
   Lair: D:8-11

Altars:
Ashenzari
Cheibriados
Dithmenos
Elyvilon
Fedhas
Gozag
Hepliaklqana
Kikubaaqudgha
Makhleb
Nemelex Xobeh
Okawaru
Qazlal
Ru
Sif Muna
Trog
Uskayaw
Vehumet
Wu Jian
Xom
Yredelemnul
Zin
The Shining One

Shops:
D:4 =   D:7 (   D:8 =


Innate Abilities, Weirdness & Mutations

You have sharp fingernails.
You are partially covered in sharp spines.
You have an extremely huge brain. (Int +4)


Message History

The orc warrior hits you with a +0 glaive of venom!
You are more poisoned.
There is an open door, spattered with blood here.
You closely miss the orc warrior.
You feel very sick.
The orc priest hits you but does no damage.
The orc is struck by your spines.
You kill the orc!
The orc warrior hits you but does no damage.
You are more poisoned.
The orc hits you but does no damage.
The orc priest hits you but does no damage.
You hit the orc priest.
The orc priest is heavily wounded.
You feel extremely sick. The orc warrior barely misses you.
The orc hits you with a +0 dagger.
The orc priest hits you but does no damage.
Unknown command.
You barely miss the orc priest.
The orc priest is heavily wounded.
You feel very sick. The orc is struck by your spines.
The orc closely misses you.
The orc warrior hits you with a +0 glaive of venom.
The orc priest hits you but does no damage.
Unknown command.
You feel very sick. The orc warrior misses you. The orc barely misses you.
The orc priest closely misses you.
Unknown command.
It was a potion of invisibility.
You fade into invisibility!
You feel sick. The orc is struck by your spines. The orc misses you.
The orc warrior hits you from afar with a +0 glaive of venom.
* * * LOW HITPOINT WARNING * * *
The orc priest closely misses you.
Unknown command.
You feel sick.
The orc priest calls down the wrath of Beogh upon you.
Beogh smites you!
You die...

...
#'###########.....#
#
#....#............#
#....#............#
#....#.....##.....#
#....#.....##.....#
#....#.....#......#
#...##.....##.....#
+...######'#########
#........@o#)......#
#.........oo.......#
#...##....)#.......#
#...##.....#........
#..........#.?.....#
#..........#.......#
############........
......#.∩ .........


You could see an orc warrior, an orc priest and an orc.

Vanquished Creatures
  Pikel (D:4)
  Grinder (D:3)
  Sigmund (D:5)
  A basilisk (D:6)
  Eustachio (D:4)
  A steam dragon (D:6)
  2 water moccasins
  An ice beast (D:6)
  2 black bears
  A sky beast (D:6)
  2 ogres
  2 necrophages
  Blork the orc (D:5)
  A scorpion (D:4)
  A wyvern zombie (D:5)
  A water moccasin zombie (D:5)
  2 wyvern skeletons
  5 wights
  A centaur zombie (D:6)
  2 centaur skeletons
  A hound (D:6)
  2 jellies (D:5)
  2 orc priests
  6 iguanas
  Terence (D:2)
  2 bullfrog skeletons
  A scorpion zombie (D:3)
  11 orc wizards
  2 hound skeletons (D:4)
  A howler monkey skeleton (D:4)
  3 gnolls (D:6)
  3 adders
  2 white imps
  4 worms
  5 dart slugs
  32 orcs
  7 endoplasms
  6 giant cockroaches
  9 goblins
  8 hobgoblins
  4 jackals (D:2)
  8 kobolds
  6 quokkas
  5 ball pythons
  4 bats
  5 frilled lizards
  9 rats
179 creatures vanquished.

Notes
Turn   | Place    | Note
-------+----------+-------------------------------------------
     0 | D:1      | Stomo the Demonspawn Gladiator began the quest for the Orb.
     0 | D:1      | Reached XP level 1. HP: 16/16 MP: 1/1
     6 | D:1      | You fall into a shaft and drop 1 floor!
    87 | D:2      | Gained mutation: You are partially covered in sharp spines.
                  | [demonic ancestry]
    87 | D:2      | Reached XP level 2. HP: 19/22 MP: 2/2
   372 | D:1      | Reached skill level 1 in Armour
   544 | D:1      | Reached XP level 3. HP: 25/28 MP: 3/3
   777 | D:1      | Found a faded altar of an unknown god.
  1231 | D:2      | Found an opulent altar of Gozag.
  1284 | D:2      | Reached XP level 4. HP: 31/34 MP: 4/4
  1310 | D:2      | Noticed Terence
  1319 | D:2      | Killed Terence
  2145 | D:3      | Gained mutation: You have sharp fingernails. [demonic
                  | ancestry]
  2145 | D:3      | Reached XP level 5. HP: 26/41 MP: 5/5
  2877 | D:3      | Noticed Grinder
  2886 | D:3      | Paralysed by Grinder for 6 turns
  2898 | D:3      | Killed Grinder
  2899 | D:3      | Reached XP level 6. HP: 18/48 MP: 6/6
  3688 | D:4      | Gained mutation: You have an unusually large brain. (Int
                  | +2) [demonic ancestry]
  3688 | D:4      | Reached XP level 7. HP: 20/46 MP: 7/7
  4525 | D:4      | Found Ucvyka's Jewellery Shoppe.
  4589 | D:4      | Noticed Eustachio
  4698 | D:4      | Killed Eustachio
  4956 | D:4      | Found a staircase to the Ecumenical Temple.
  4961 | D:4      | Reached skill level 5 in Maces & Flails
  5118 | Temple   | Entered the Ecumenical Temple
  5367 | Temple   | Became a worshipper of Uskayaw the Reveller
  5449 | D:5      | Entered Level 5 of the Dungeon
  5449 | D:5      | Noticed Pikel
  5462 | D:4      | Reached * piety under Uskayaw
  5463 | D:4      | Reached ** piety under Uskayaw
  5470 | D:4      | Killed Pikel
  5471 | D:4      | Reached skill level 5 in Fighting
  5471 | D:4      | Reached skill level 5 in Dodging
  5471 | D:4      | Reached skill level 2 in Invocations
  5471 | D:4      | Gained mutation: You have an extremely huge brain. (Int +4)
                  | [demonic ancestry]
  5471 | D:4      | Reached XP level 8. HP: 22/63 MP: 7/10
  5680 | D:4      | Reached skill level 3 in Invocations
  5688 | D:5      | Reached skill level 4 in Invocations
  5862 | D:5      | Noticed Sigmund
  5866 | D:5      | Reached *** piety under Uskayaw
  5867 | D:5      | Reached skill level 5 in Invocations
  6004 | D:5      | Killed Sigmund
  6005 | D:5      | Reached skill level 6 in Invocations
  6166 | D:5      | Found the +3 Elemental Staff {rElec rF++ rC++ AC+5}
  6188 | D:5      | Reached skill level 7 in Invocations
  6345 | D:5      | Reached XP level 9. HP: 65/68 MP: 14/14
  6414 | D:5      | Noticed Blork the orc
  6432 | D:5      | Killed Blork the orc
  6480 | D:5      | Reached skill level 8 in Invocations
  6779 | D:6      | Reached skill level 9 in Invocations
  6889 | D:6      | Reached skill level 10 in Invocations
  7140 | D:6      | Reached **** piety under Uskayaw
  7238 | D:6      | Reached skill level 11 in Invocations
  8135 | D:6      | Reached skill level 12 in Invocations
  8456 | D:7      | Found Luytza's Antique Weapon Boutique.
  8831 | D:7      | Found an ancient bone altar of Kikubaaqudgha.
  9098 | D:8      | Found Tagiem's Jewellery Shoppe.
  9112 | D:8      | Killed from afar by an orc priest

Illustrated notes

Levels and vault maps discovered:
D:1:      evilmike_arrival_hilbert_curve, layout_rooms,
          shapermc_ecumenical_altar_mp_highgroup, due_unseen_surprise
D:2:      layout_loops_ring, basic_altar, minmay_box_of_dots, uniq_terence
D:3:      layout_loops_cross, kennysheep_generic_room_12, uniq_grinder
D:4:      layout_loops_cross, minmay_temple_entry_proselytizer, serial_shops,
          shop, uniq_eustachio
D:5:      layout_layer_cave, minmay_misc_feat_tiny, uniq_sigmund,
          uniq_blork_the_orc, uniq_pikel
D:6:      minmay_spotlight, layout_loops_ring, nicolae_underground_beach
D:7:      layout_basic, lemuel_coloured_pillars_altar, serial_shops, shop,
          nrook_pool_corridor
D:8:      layout_gridville, serial_shops, nicolae_shop_stone,
          nicolae_ossuary_entry_plus, uniq_gastronok, uniq_maggie
Temple:   nicolae_temple_the_god_donut

Skill      XL: |  1  2  3  4  5  6  7  8  9 |
---------------+----------------------------+-----
Maces & Flails | 3 4 5 |  5.0
Dodging        | 3 4 5 |  5.4
Armour         | 1 2 3 4 |  4.5
Fighting       | 3 4 5 |  5.5
Invocations    | 2 7 12 | 12.9
Throwing       | |  1.7

Action                   |  1- 3 |  4- 6 |  7- 9 || total
-------------------------+-------+-------+-------++-------
Melee: Flail             |    87 |    98 |   273 ||   458
       Punch             |     1 |     1 |     5 ||     7
       Unarmed           |       |       |     6 ||     6
Invok: Stomp             |       |       |     2 ||     2
  Use: Scroll            |       |     5 |     2 ||     7
       Potion            |       |       |     1 ||     1
 Stab: Sleeping          |     1 |       |       ||     1
       Paralysed         |       |       |     4 ||     4
Armor: Leather armour    |    22 |       |       ||    22
       Ring mail         |     8 |    48 |   166 ||   222
       Skin              |       |       |     1 ||     1
Dodge: Dodged            |    55 |    61 |   183 ||   299
